 Dungeon Crawl Stone Soup version 0.30-a0-726-gd89dcf765f (console) character file.

Game seed: 11921138341596036791

2660474 Banquo the Sorcerer (level 27, 215/215 HPs)
             Began as a Djinni Earth Elementalist on Jan 29, 2023.
             Was the Champion of Jiyva.
             Escaped with the Orb
             ... and 4 runes on Feb 4, 2023!
             The game lasted 07:58:20 (56203 turns).

Banquo the Sorcerer (Djinni Earth Elementalist)    Turns: 56203, Time: 07:58:21

Health: 215/215    AC: 20    Str:  7    XL:     27
Gold:   2252       EV: 27    Int: 36    God:    Jiyva [******] SH: 29 Dex: 22

rFire   + + +      SeeInvis +    a - +7 broad axe {spect, rCorr Str-2 Int+6 Stlth+}
rCold   + . .      Faith    .    i - +4 tower shield {AC+3}
rNeg    . . .      Spirit   .    d - +4 troll leather armour {Pargi}
rPois   ∞          Reflect  .    q - +0 hat {Will+}
rElec   +          Harm     .    e - scarf {rC+ rF+}
rCorr   +          Rampage  .    g - +2 pair of gloves of Sif Muna's Approval {rElec}
Will    +++++                    (boots unavailable)
Stlth   +                        s - amulet of Cuwuuwnus {+Blink Will++ Regen+ Int+3}
HPRegen 3.75/turn                C - ring "Guekhec" {rC+ EV+5 SInv Stlth-}
MPRegen 0.00/turn                n - ring of the Octopus King {rCorr HP+2 AC+2 EV+2 SH+2}

@: flying, studying Polearms
A: sickness immunity, fire resistance 2, cold vulnerability 1, float, innate
caster, HP casting, extra vitality 1, horns 1, iridescent scales 2, agile 2,
strong 1, gelatinous body 1, pseudopods 3, translucent skin 1, evolution 1,
jelly sensing items
0: Orb of Zot
}: 4/15 runes: serpentine, barnacled, slimy, silver
a: Renounce Religion, Evoke Blink, Oozemancy, Slimify


You escaped.
You worshipped Jiyva.
Jiyva was exalted by your worship.
You visited 12 branches of the dungeon, and saw 56 of its levels.
You also visited: Sewer, Ice Cave and Desolation.

You collected 5547 gold pieces.
You spent 3295 gold pieces at shops.

Inventory:

Hand Weapons
 a - the +7 broad axe of Emmurur (weapon) {spect, rCorr Str-2 Int+6 Stlth+}
   (You took it off a deep elf death mage on level 3 of the Elven Halls)

   Str:       It affects your strength (-2).
   Int:       It affects your intelligence (+6).
   rCorr:     It protects you from acid and corrosion.
   Stlth:     It makes you more stealthy.
 b - the +8 hammer of the Hungering Gods {drain, rF++ Int-2 Dex+5}
   (You found it on level 7 of the Dungeon)

   Int:       It affects your intelligence (-2).
   Dex:       It affects your dexterity (+5).
   rF:        It greatly protects you from fire.
 r - the +9 hand axe "Lifebane" {heavy, rCorr SInv}
   (You took it off a tengu conjurer on level 1 of the Depths)

   SInv:      It lets you see invisible.
   rCorr:     It protects you from acid and corrosion.
 B - the +8 hammer of Cutt {holy, rC++ rCorr Int-5}
   (You found it on level 7 of the Dungeon)

   Int:       It affects your intelligence (-5).
   rC:        It greatly protects you from cold.
   rCorr:     It protects you from acid and corrosion.
 O - the +6 shillelagh "Devastator" {shatter}
   (You bought it in a shop on level 2 of the Orcish Mines)
 Y - a +2 antimagic morningstar
Missiles
 c - 2 throwing nets
Armour
 d - a +4 troll leather armour (worn) {Pargi}
 e - a scarf of resistance (worn)
 g - the +2 pair of gloves of Sif Muna's Approval (worn) {rElec}
   (You found it on level 14 of the Dungeon)

   rElec:     It insulates you from electricity.
 h - a +2 helmet of intelligence
 i - a +4 tower shield of protection (worn)
 j - a +1 tower shield of reflection
 q - a +0 hat of willpower (worn)
 w - a scarf of repulsion
Jewellery
 n - a ring of the Octopus King (right hand) {rCorr HP+2 AC+2 EV+2 SH+2}
   (You found it on level 14 of the Dungeon)

   [ring of resist corrosion]

   AC:        It affects your AC (+2).
   EV:        It affects your evasion (+2).
   HP:        It affects your health (+2).
   rCorr:     It protects you from acid and corrosion.
   SH:        It affects your SH (+2).
 s - the amulet of Cuwuuwnus (around neck) {+Blink Will++ Regen+ Int+3}
   (You took it off a skeletal warrior on level 3 of the Crypt)

   [amulet of regeneration]

   Int:       It affects your intelligence (+3).
   +Blink:    It lets you blink.
   Regen:     It increases your rate of health regeneration.
   Will:      It greatly increases your willpower.
 z - the ring of Meejet {+Blink Str+6 SInv Stlth+}
   (You took it off a yaktaur on level 5 of the Vaults)

   [ring of strength]

   Str:       It affects your strength (+6).
   SInv:      It lets you see invisible.
   +Blink:    It lets you blink.
   Stlth:     It makes you more stealthy.
 A - the ring of Stoicism {rN+ Str+2 Dex+3 Slay+3 SInv}
   (You found it on level 3 of the Snake Pit)

   [ring of see invisible]

   Str:       It affects your strength (+2).
   Dex:       It affects your dexterity (+3).
   Slay:      It affects your accuracy & damage with ranged weapons and melee
   (+3).
   rN:        It protects you from negative energy.
   SInv:      It lets you see invisible.
 C - the ring "Guekhec" (left hand) {rC+ EV+5 SInv Stlth-}
   (You found it in the Desolation of Salt)

   [ring of evasion]

   EV:        It affects your evasion (+5).
   rC:        It protects you from cold.
   SInv:      It lets you see invisible.
   Stlth:     It makes you less stealthy.
 W - a ring of wizardry
Wands
 D - a wand of digging (12)
 J - a wand of quicksilver (34)
 M - a wand of roots (49)
 S - a wand of mindburst (16)
Scrolls
 f - 7 scrolls of poison
 l - 2 scrolls of summoning
 o - 10 scrolls of fear
 y - 10 scrolls of blinking
 F - 17 scrolls of teleportation
 Q - a scroll of acquirement
 T - 8 scrolls of fog
 Z - a scroll of brand weapon
Potions
 k - 28 potions of curing
 t - 12 potions of heal wounds
 u - a potion of invisibility
 v - 3 potions of haste
 x - 5 potions of might
 E - 3 potions of brilliance
 H - 2 potions of resistance
 K - a potion of berserk rage
 N - a potion of ambrosia
 P - 7 potions of mutation
 U - 3 potions of cancellation
Miscellaneous
 p - a box of beasts


   Skills:
 * Level 22.4 Fighting
 * Level 9.6(12.0) Axes
 - Level 11.6(13.0) Maces & Flails
 - Level 8.0 Armour
 - Level 12.0 Dodging
 - Level 2.8 Stealth
 - Level 20.1 Shields
 - Level 25.6 Spellcasting


You couldn't memorise any spells.
You knew the following spells:

 Your Spells              Type           Power      Damage    Failure   Level
a - Stone Arrow           Conj/Erth      100%       3d13      0%          3
b - Starburst             Conj/Fire      62%        6d16      0%          6
c - Sandblast             Erth           100%       2d20      0%          1
d - Petrify               Tmut/Erth      100%       N/A       0%          4
e - Beastly Appendage     Tmut           100%       N/A       0%          1
g - Summon Guardian Gole  Hex/Summ       100%       N/A       0%          3
h - Summon Hydra          Summ           62%        N/A       1%          7
i - Iron Shot             Conj/Erth      62%        9d12      0%          6
l - Lee's Rapid Deconstr  Erth           62%        3d28*     0%          5
r - Searing Ray           Conj           100%       2d8       0%          2
s - Simulacrum            Ice/Necr       62%        N/A       0%          6
w - Passwall              Tmut/Erth      100%       N/A       0%          2
x - Summon Horrible Thin  Summ           62%        N/A       1%          8
A - Agony                 Necr           100%       N/A       0%          5
D - Disjunction           Tloc           62%        N/A       1%          8
L - Death's Door          Necr           62%        N/A       3%          9
M - Spider Form           Tmut/Pois      100%       N/A       0%          3
Your spell library was empty.

Dungeon Overview and Level Annotations

Branches:
Dungeon (15/15)            Temple (1/1) D:5            Lair (5/5) D:8
 Shoals (4/4) Lair:3        Snake (4/4) Lair:2        Slime (5/5) Lair:5
    Orc (2/2) D:9             Elf (3/3) Orc:2        Vaults (5/5) D:14
  Crypt (3/3) Vaults:2       Tomb (0/3) Crypt:3      Depths (4/4) D:15
    Zot (5/5) Depths:4      Sewer (visited)           IceCv (visited)
Desolation (visited)

Altars:
Ashenzari
Cheibriados
Dithmenos
Elyvilon
Fedhas
Gozag
Hepliaklqana
Makhleb
Nemelex Xobeh
Okawaru
Qazlal
Ru
Trog
Uskayaw
Wu Jian
Xom
Yredelemnul
Zin
The Shining One
Jiyva

Shops:
D:4 [   D:5 !   D:8 *   D:9 *   Orc:1 !   Orc:2 *[([?   Elf:1 *   Elf:3 :
Snake:1 (   Snake:3 *   Vaults:2 *   Zot:3 *   Depths:1 *

Portals:
Hell: Depths:1 Depths:2 Depths:3 Depths:4
Abyss: Depths:3 Depths:4
Pandemonium: Depths:2 Depths:3 Depths:4
Ziggurat: Depths:1

Annotations:
Slime:5 Royal Jelly
Elf:2 3 runed translucent doors
Depths:3 2 transporters


Innate Abilities, Weirdness & Mutations

You are immune to sickness and miasma.
You are immune to poison.
Your flesh is very heat resistant. (rF++)
You are vulnerable to cold. (rC-)
You float through the air rather than walking.
You learn spells naturally, not from books.
Your magical power is your life essence.
You have superior vitality. (+4 MHP)
You have a pair of small horns on your head.
You are mostly covered in iridescent scales. (AC +4)
You are very agile. (Dex +8, Str/Int -2)
Your muscles are strong. (Str +4, Int/Dex -1)
Your rubbery body absorbs attacks. (AC +1, EV +1)
Armour fits poorly on your massive pseudopods.
Your translucent skin slightly reduces your foes' accuracy. (Stealth+)
You have hidden genetic potential.
You have a small jelly attached to you that senses nearby items.


Message History

Press: ? - help, Q - select action, (/) - cycle Shift-Dir - straight line, f/p - Mousch
Aim: Mousch, armed with a flaming touch (blue smoke, severely wounded, not watching you, ally target, 39% to hit)
The iron shot hits Mousch!!!
Mousch is almost dead.
You block Mousch's attack.
Your large abomination hits Mousch!
Your large abomination closely misses Mousch.
Your large abomination hits Mousch!
Mousch dies!
Your large abomination completely misses the hellwing.
Your eight-headed hydra bites the hellwing!
The hellwing dies!
You feel your intelligence returning.
(D) Dungeon (T) Temple (L) Lair (A) Shoals (P) Snake Pit (M) Slime Pits (O) Orcish Mines (E) Elven Halls (V) Vaults (C) Crypt (W) Tomb (U) Depths (H) Hell (Z) Zot
Where to? (* - list waypoints, Enter - D:1, ? - help)
You swap places.
HP restored.
Your eight-headed hydra disappears in a puff of smoke!
Your four-headed hydra disappears in a puff of smoke!
There is a stone staircase leading up here.
You fly upwards.
Your summoned ally is left behind.
There is a stone staircase leading down here.
You hear a distant slurping noise.
There is a stone staircase leading up here.
You fly upwards.
There is a stone staircase leading down here.
There is a stone staircase leading up here.
You fly upwards.
There is a stone staircase leading down here.
You hear a distant slurping noise.
There is a stone staircase leading up here.
You fly upwards.
There is a stone staircase leading down here.
There is a fountain of clear blue water here.
There is a staircase leading out of the dungeon here.
Enter note: Woot!
Jiyva!
Unknown command.
You have escaped!

..# #.#.# #.# #.[......#
#.###.#.#########.# #.########
#.................# #.##
#.......####..#..####..##
........#...............#
#.......#..##♣♣♣.♣♣♣##..#########
#.......#..# ♣⌠♣ #..##......#
#.(.....#..♣♣♣♣♣.♣♣♣♣♣..##......#
#.......#.....⌠.@.⌠.....##......#
#.......#..♣♣♣♣♣.♣♣♣♣♣..##.......
#.#######..# ♣⌠♣ #..##.......
..## #..##♣♣♣.♣♣♣##..######...
...# #.....(.........# ####...
.#.## ###..######..######......
.#..## ##...# #..........##...
.##..## ###.# #.......)).##...
.###..# #.###..........##...


There were no monsters in sight!

Vanquished Creatures
  A pandemonium lord (Zot:1)
  2 dread liches
  Josephina (Crypt:2)
  Boris (Crypt:3)
  A Killer Klown (Zot:5)
  Frederick (Vaults:2)
  A caustic shrike (Depths:1)
  A curse toe (Zot:3)
  6 golden dragons
  An electric golem (Zot:3)
  A Tzitzimitl (D:13)
  3 doom hounds (Depths:3)
  4 tentacled monstrosities
  A walking crystal tome (Depths:1)
  2 Ice Fiends
  2 titans (Vaults:5)
  8 Orb Guardians
  6 liches
  2 deep elf blademasters (Elf:3)
  2 deep elf master archers (Elf:3)
  4 quicksilver dragons
  7 ancient champions
  2 death cobs
  2 Executioners
  3 sphinxes
  7 shadow dragons
  5 tengu reavers
  6 storm dragons
  Ilsuiw (Shoals:3)
  Roxanne (Snake:3)
  2 nagarajas (Snake:4)
  2 revenants (Crypt:3)
  4 imperial myrmidons (Desolation)
  5 frost giants
  5 fire giants
  2 deep elf sorcerers (Elf:3)
  An iron dragon (Depths:1)
  A draconian scorcher (Zot:2)
  A ghost moth (Zot:4)
  A balrug (Depths:1)
  11 vault wardens
  2 orc warlords
  A draconian shifter (Zot:2)
  3 curse skulls
  4 ghouls
  6 deep elf elementalists (Elf:3)
  An angel (Zot:5)
  8 ironbound preservers
  A draconian annihilator (Zot:3)
  A reaper (Crypt:1)
  A draconian stormcaller (Zot:4)
  A green draconian (Zot:3)
  2 war gargoyles
  7 stone giants
  8 very ugly things
  The ghost of Citaku the Tortoise, a journeyman MiFi of Gozag (Orc:2)
  Nessos (Lair:5)
  4 vampire knights
  A rockslime zombie (Crypt:2)
  3 ironbound thunderhulks
  3 black draconians
  2 dire elephants (Vaults:1)
  2 yellow draconians
  7 deep elf annihilators
  3 spark wasps
  A red draconian (Zot:3)
  7 deep elf demonologists
  A purple draconian (Zot:4)
  2 eidola
  A blizzard demon (Zot:5)
  12 ettins
  2 white draconians
  3 crystal guardians
  13 ragged hierophants (Desolation)
  A merfolk javelineer (Shoals:4)
  4 deep elf high priests
  5 fire dragons
  2 merfolk impalers (Shoals:4)
  8 deep elf death magi
  6 yaktaur captains
  2 spriggan zombies (Crypt:1)
  Fannar (D:10)
  2 ice dragons
  A rakshasa (Depths:2)
  3 anacondas
  8 vault guards
  7 servants of whispers (Desolation)
  4 hydras
  5 ironbound frosthearts
  A salamander tyrant (Snake:4)
  3 spriggan air magi
  12 peacekeepers
  An alligator snapping turtle (Shoals:2)
  9 centaur warriors
  A boulder beetle (Vaults:4)
  The ghost of M4edhros the Summoner, a journeyman OpMo of Cheibriados (Orc:1)
  4 merfolk aquamancers
  4 vampire magi
  3 tengu warriors
  7 two-headed ogres
  7 death yaks
  4 deep troll shamans
  A hell hog (Depths:4)
  7 naga warriors
  16 dancing weapons
  3 deep troll earth magi
  4 spriggan berserkers
  The ghost of micatius the Grappler, a novice TrBe of Trog (D:6)
  An orc high priest (Orc:2)
  Sonja (Lair:5)
  3 shock serpents
  A soul eater (Zot:1)
  5 hell knights
  A storm dragon zombie (Crypt:3)
  2 sun demons
  3 iron trolls
  14 deep elf knights
  11 naga sharpshooters
  9 sea snakes
  13 skeletal warriors
  Lodul (D:10)
  2 salamander mystics (Snake:4)
  19 deep trolls
  2 flayed ghosts
  A spriggan simulacrum (Crypt:3)
  3 naga ritualists
  2 orange crystal statues (Depths:1)
  23 deep elf archers
  4 bog bodies
  A kraken simulacrum (Shoals:4)
  5 necromancers
  A golden dragon skeleton (Depths:3)
  4 harpies
  27 deep elf pyromancers
  9 phantasmal warriors
  4 wizards
  9 ironbound convokers
  8 lindwurms
  A wolf spider (Lair:5)
  22 deep elf zephyrmancers
  A shadow dragon skeleton (Depths:3)
  6 mana vipers
  6 cyclopes
  4 orc sorcerers
  7 salamanders
  27 ugly things
  A spectral fire dragon (Crypt:3)
  10 manticores
  5 fauns
  4 orc knights
  2 spectral ice dragons (Crypt:3)
  4 merfolk sirens
  A sphinx skeleton (Crypt:2)
  12 naga magi
  3 elephants (Lair:5)
  A rust devil (D:15)
  3 large abominations (Depths:3)
  23 moths of wrath
  2 water nymphs
  A shock serpent zombie (Crypt:3)
  A stone giant skeleton (Crypt:2)
  23 black mambas
  4 torpor snails
  An ice statue (IceCv)
  A molten gargoyle (Desolation)
  The ghost of nujazz the Cudgeller, a novice DsFi of Ashenzari (D:5)
  A hellion (Depths:4)
  8 guardian serpents
  11 vault sentinels
  2 smoke demons
  2 dire elephant skeletons (Crypt:3)
  6 freezing wraiths
  11 cane toads
  Maggie (D:10)
  7 komodo dragons
  2 grey draconian zombies
  4 unseen horrors
  2 tormentors
  2 ice devils (Orc:2)
  A swamp worm zombie (Crypt:1)
  17 yaktaurs
  3 rime drakes
  An efreet (D:15)
  4 tengu conjurers
  10 merfolk
  2 hornets (Lair:5)
  9 trolls
  Prince Ribbit (D:5)
  71 saltlings (Desolation)
  A culicivora zombie (Crypt:2)
  A hellwing (Zot:1)
  17 polar bears
  2 harpy zombies
  2 wind drakes (Shoals:4)
  6 snapping turtles (Shoals:2)
  A boulder beetle zombie (Crypt:2)
  19 blink frogs
  2 dream sheep (Shoals:1)
  A stone giant simulacrum (Crypt:2)
  An iron dragon simulacrum (Crypt:2)
  An alligator zombie (Crypt:2)
  28 flying skulls
  Sigmund (D:2)
  4 water elementals
  2 shadows
  Eustachio (D:5)
  2 air elementals (Elf:1)
  12 wyverns
  A dire elephant simulacrum (Crypt:1)
  2 vampires
  3 wraiths
  50 yaks
  A yak (shapeshifter) (D:15)
  A naga simulacrum (Crypt:2)
  3 basilisks
  9 fire elementals
  3 redbacks
  A steam dragon (D:7)
  2 chaos spawn
  8 vampire mosquitoes
  8 wargs
  A deep troll zombie (Crypt:1)
  23 nagas
  3 hell hounds (Snake:1)
  27 water moccasins
  A deep troll skeleton (Crypt:1)
  An acid dragon (D:14)
  A hydra simulacrum (Crypt:1)
  Pargi (Sewer)
  An ice beast (D:4)
  5 black bears
  35 orc warriors
  A sky beast (D:7)
  4 boggarts (Vaults:4)
  14 ogres
  17 wolves
  A snapping turtle skeleton (Crypt:3)
  3 phantoms
  7 centaurs
  A lemure (D:3)
  4 kobold brigands
  A salamander zombie (Crypt:1)
  7 bullfrogs
  7 necrophages
  5 earth elementals
  A gnoll sergeant (D:12)
  A glowing shapeshifter simulacrum (Depths:3)
  8 small abominations (Depths:3)
  4 scorpions
  2 yaktaur skeletons (Crypt:3)
  5 wights (D:6)
  A water moccasin skeleton (D:5)
  20 killer bees
  2 howler monkeys (D:8)
  2 jellies
  A bullfrog zombie (D:5)
  20 orc priests
  4 hounds
  2 iguanas
  Natasha (D:4)
  12 orc wizards
  A naga zombie (Crypt:3)
  8 adders
  5 gnolls (D:12)
  4 white imps
  3 ufetubi
  A lava snake zombie (Crypt:3)
  3 worms
  3 dart slugs
  67 orcs
  7 bats
  6 endoplasms
  4 giant cockroaches
  3 goblins
  9 hobgoblins
  17 jackals
  A quokka (D:4)
  7 ball pythons
  9 frilled lizards
  29 kobolds
  5 rats
  A tentacle (Shoals:3)
1573 creatures vanquished.

Vanquished Creatures (collateral kills)
  A pandemonium lord (D:5)
  A dread lich (Vaults:5)
  4 orbs of fire (Zot:5)
  2 ancient liches
  A juggernaut (Depths:2)
  Sojobo (Depths:2)
  The ghost of Mughoub the Sorcerer, a veteran DjFE of Hepliaklqana (Depths:1)
  The ghost of Geojo the Sorcerer, a veteran DjFE of Hepliaklqana (Depths:1)
  Bai Suzhen (Shoals:3)
  4 Killer Klowns (Zot:5)
  A caustic shrike (Depths:1)
  2 curse toes
  Nikola (Vaults:1)
  5 golden dragons
  2 bone dragons
  2 electric golems (Zot:5)
  9 tentacled monstrosities
  20 Orb Guardians (Zot:5)
  A walking crystal tome (Depths:3)
  Grunn (Depths:3)
  A quicksilver dragon (Zot:4)
  A titan (Vaults:5)
  2 liches
  2 walking divine tomes
  4 death cobs
  4 sphinxes
  8 storm dragons
  Kirke (Shoals:3)
  4 shadow dragons
  Frances (Elf:1)
  2 tengu reavers (Depths:2)
  A kraken (Shoals:3)
  3 draconian monks
  A revenant (Crypt:3)
  Donald (Snake:3)
  7 fire giants
  The ghost of Edux the Executioner, a journeyman MiBe of Trog (Shoals:2)
  2 draconian knights
  A deep elf sorcerer (Vaults:1)
  5 frost giants
  An imperial myrmidon (Desolation)
  5 iron dragons
  12 vault wardens
  2 draconian scorchers
  Louise (Shoals:3)
  A draconian shifter (Zot:2)
  3 draconian annihilators
  6 ghouls (Crypt:3)
  4 stone giants
  A reaper (Crypt:2)
  20 very ugly things
  A juggernaut skeleton (Crypt:1)
  16 ironbound preservers
  A spriggan defender (Depths:2)
  5 vampire knights
  3 ironbound thunderhulks
  3 green draconians
  The ghost of Odeis the Spear-Bearer, a journeyman OpCK of Hepliaklqana (D:14)
  3 purple draconians
  4 dire elephants (Vaults:1)
  A deep elf annihilator (Elf:1)
  5 spark wasps
  3 black draconians
  6 red draconians
  3 eidola (Crypt:3)
  9 white draconians
  4 yellow draconians
  2 ettins (Depths:4)
  3 merfolk javelineers
  3 merfolk impalers
  2 deep elf death magi
  An entropy weaver (Vaults:3)
  A ragged hierophant (Desolation)
  7 yaktaur captains
  3 fire dragons
  23 vault guards
  4 ice dragons
  3 salamander tyrants (Snake:4)
  A deep elf high priest (Vaults:5)
  2 spriggan air magi
  2 merfolk avatars (Shoals:3)
  3 ironbound frosthearts
  3 anacondas
  2 alligator snapping turtles (Shoals:4)
  A spriggan skeleton (Crypt:3)
  2 centaur warriors
  A death knight (Crypt:1)
  2 merfolk aquamancers (Shoals:4)
  2 boulder beetles
  7 naga warriors
  3 deep troll shamans
  A dancing weapon (Elf:1)
  A satyr (Shoals:4)
  A deep troll earth mage (Depths:1)
  A spectral storm dragon (Crypt:3)
  A tengu warrior (Depths:2)
  2 hell hogs (Depths:4)
  4 naga sharpshooters
  2 soul eaters (Depths:4)
  3 spriggans (Depths:4)
  3 spriggan berserkers
  A deep elf knight (Elf:1)
  2 sun demons (Depths:4)
  9 hell knights
  5 iron trolls
  3 skeletal warriors (Crypt:3)
  A salamander mystic (Snake:3)
  3 sea snakes
  A spriggan rider (Depths:4)
  3 deep elf archers
  5 naga ritualists (Snake:4)
  3 flayed ghosts
  25 deep trolls
  9 lindwurms
  An anaconda skeleton (Crypt:3)
  6 necromancers
  3 deep elf pyromancers (Elf:1)
  8 deep elf zephyrmancers
  6 ironbound convokers
  4 harpies
  3 wizards
  A phantasmal warrior (Depths:4)
  2 bog bodies
  2 orc knights (Vaults:5)
  2 salamanders (Snake:3)
  An orc sorcerer (Elf:1)
  A stone giant zombie (Crypt:3)
  6 fauns
  3 spectral fire dragons (Crypt:3)
  3 spectral ice dragons (Crypt:3)
  3 mana vipers
  14 ugly things
  4 manticores
  13 moths of wrath
  A centaur zombie (Crypt:1)
  A water nymph (Shoals:3)
  4 vault sentinels
  6 merfolk sirens
  10 black mambas
  6 naga magi
  2 smoke demons (Depths:4)
  A titan simulacrum (Crypt:2)
  A komodo dragon (D:11)
  14 yaktaurs
  A tengu conjurer (Depths:1)
  A troll (Vaults:5)
  A red devil (Depths:2)
  2 freezing wraiths
  15 merfolk
  A hellwing (D:5)
  3 saltlings (Desolation)
  4 wind drakes
  An alligator zombie (Crypt:3)
  3 hornets (Depths:4)
  2 dream sheep (Shoals:3)
  7 snapping turtles
  A boulder beetle zombie (Crypt:1)
  A flying skull (Crypt:3)
  5 water elementals
  2 wraiths (Crypt:1)
  7 hogs (Shoals:3)
  A yak (D:11)
  11 nagas
  2 orc warriors
  An ogre (Snake:3)
  An elephant zombie (Crypt:2)
  A manticore skeleton (Crypt:1)
  A komodo dragon zombie (Crypt:1)
  A necrophage (Crypt:3)
  A jelly (Crypt:2)
  An orc priest (Vaults:5)
  An orc wizard (Vaults:5)
  An iguana skeleton (Crypt:2)
  A tentacle (Shoals:3)
622 creatures vanquished.

Vanquished Creatures (others)
  Saint Roka (Snake:3)
  An azure jelly (Lair:1)
  A draconian scorcher (Zot:3)
  A deep elf demonologist (Elf:1)
  A dire elephant (Vaults:1)
  Azrael (Snake:1)
  4 great orbs of eyes
  A great orb of eyes (shapeshifter) (Depths:2)
  A hydra (Lair:5)
  A death knight (Vaults:2)
  2 boulder beetles
  6 death yaks
  A naga warrior (Snake:3)
  4 naga sharpshooters
  A vampire mage (Crypt:2)
  A glowing orange brain (Depths:3)
  2 deep elf knights
  A naga ritualist (Snake:3)
  A glowing orange brain (shapeshifter) (Depths:1)
  Pikel (D:4)
  2 ironbound convokers
  2 lindwurms (Vaults:1)
  2 deep elf pyromancers
  A mana viper (Snake:3)
  2 ugly things (D:14)
  3 manticores (Shoals:2)
  A moth of wrath (shapeshifter) (Elf:2)
  An elephant (Lair:5)
  2 vault sentinels (Vaults:1)
  2 naga magi (Snake:1)
  A black mamba (Snake:3)
  A cane toad (Lair:3)
  A titan simulacrum (Crypt:2)
  A rime drake (Lair:1)
  An unseen horror (shapeshifter) (Vaults:5)
  3 komodo dragons
  Grinder (D:4)
  12 slime creatures
  A flying skull (Crypt:2)
  A yak (IceCv)
  A slime creature zombie (Crypt:2)
  A water elemental (Elf:2)
  A redback (Lair:4)
  A warg (Vaults:5)
  5 nagas
  2 floating eyes
  A black bear (D:7)
  3 ogres
  3 wolves
  A centaur (D:12)
  3 lemures (D:4)
  A bullfrog (Lair:1)
  2 necrophages
  A wyvern skeleton (D:5)
  7 killer bees
  299 jellies
  A hound (D:4)
  5 orc priests
  Crazy Yiuf (D:7)
  Natasha (twice) (D:4)
  5 orc wizards
  2 endoplasms
  10 orcs
  A ball python (D:4)
  A giant cockroach (D:3)
  2 kobolds
  79 fungi
  194 plants
  6 tentacles
715 creatures vanquished.

Grand Total: 2910 creatures vanquished

Notes
Turn   | Place    | Note
-------+----------+-------------------------------------------
     0 | D:1      | Banquo the Djinni Earth Elementalist began the quest for
                  | the Orb.
     0 | D:1      | Banquo set off with the following spells memorised:
                  | Sandblast, Passwall, Stone Arrow, Petrify.
     0 | D:1      | Reached XP level 1. HP: 15/15 MP: 0/0
    18 | D:1      | Reached XP level 2. HP: 12/21 MP: 0/0
   271 | D:1      | Reached XP level 3. HP: 24/25 MP: 0/0
   271 | D:1      | Learned a level 1 spell: Beastly Appendage
   273 | D:1      | Reached skill level 3 in Spellcasting
   952 | D:2      | Noticed Sigmund
  1040 | D:2      | Reached XP level 4. HP: 29/31 MP: 0/0
  1518 | D:3      | Found a faded altar of an unknown god.
  1522 | D:3      | Prayed at the altar of an unknown god.
  1522 | D:3      | Became a worshipper of Jiyva Jopiecom the Shapeless
  1522 | D:3      | Reached * piety under Jiyva
  1561 | D:3      | Reached skill level 4 in Spellcasting
  1561 | D:3      | Reached XP level 5. HP: 35/35 MP: 0/0
  1561 | D:3      | Learned a level 2 spell: Searing Ray
  1727 | D:3      | Noticed a kobold brigand
  1729 | D:3      | Noticed a kobold brigand
  1743 | D:3      | Killed a kobold brigand
  1747 | D:3      | Killed a kobold brigand
  1748 | D:3      | Reached XP level 6. HP: 29/40 MP: 0/0
  1837 | D:3      | Found a sparkling altar of Nemelex Xobeh.
  1839 | D:3      | Found an iron altar of Okawaru.
  1840 | D:3      | Found a stormy altar of Qazlal.
  1849 | D:3      | Reached skill level 5 in Spellcasting
  1864 | D:3      | Reached ** piety under Jiyva
  2161 | D:4      | Noticed Pikel
  2261 | D:4      | Noticed Grinder
  2261 | D:4      | Noticed a +0 dagger
  2276 | D:4      | Noticed Natasha
  2280 | D:4      | Killed Natasha
  2328 | D:4      | Reached XP level 7. HP: 41/45 MP: 0/0
  2328 | D:4      | Learned a level 3 spell: Summon Guardian Golem
  2421 | D:4      | Killed Pikel
  2422 | D:4      | Reached skill level 6 in Spellcasting
  2422 | D:4      | Reached XP level 8. HP: 49/51 MP: 0/0
  2423 | D:4      | Killed Natasha
  2525 | D:4      | Killed Natasha
  2616 | D:4      | Killed Grinder
  2617 | D:4      | Reached skill level 7 in Spellcasting
  2655 | D:4      | Found a hide-covered altar of Uskayaw.
  2655 | D:4      | Noticed a +0 hand axe
  2731 | D:4      | Reached *** piety under Jiyva
  2912 | D:4      | Found Ydiar's Armour Shop.
  2960 | D:5      | Entered Level 5 of the Dungeon
  3062 | D:5      | Gained mutation: Armour fits poorly on your pseudopods.
                  | [Jiyva's grace]
  3062 | D:5      | Gained mutation: Armour fits poorly on your large
                  | pseudopods. [Jiyva's grace]
  3062 | D:5      | Gained mutation: Armour fits poorly on your massive
                  | pseudopods. [Jiyva's grace]
  3062 | D:5      | Gained mutation: You are partially covered in large bone
                  | plates. (SH +4) [Jiyva's grace]
  3090 | D:5      | Noticed Eustachio
  3162 | D:5      | Found a staircase to the Ecumenical Temple.
  3234 | D:5      | Noticed Prince Ribbit
  3236 | D:5      | Killed Prince Ribbit
  3237 | D:5      | Reached skill level 1 in Fighting
  3247 | D:5      | Reached skill level 1 in Shields
  3305 | D:5      | Reached **** piety under Jiyva
  3380 | D:5      | Found Xuffenlo's Distillery.
  3447 | D:5      | Killed Eustachio
  3448 | D:5      | Reached XP level 9. HP: 55/58 MP: 0/0
  3448 | D:5      | Learned a level 3 spell: Spider Form
  3645 | D:5      | Found a runed translucent gate.
  3645 | D:5      | Found a runed translucent gate.
  3645 | D:5      | Found a runed translucent gate.
  3646 | D:5      | Noticed nujazz's ghost (novice DsFi)
  4217 | Temple   | Entered the Ecumenical Temple
  4443 | D:6      | Reached skill level 8 in Spellcasting
  4477 | D:6      | Found a glowing drain.
  4526 | Sewer    | Entered a sewer
  4565 | Sewer    | Noticed Pargi
  4573 | Sewer    | Killed Pargi
  4762 | D:6      | Found a hazy altar of Hepliaklqana.
  4814 | D:6      | Found a runed translucent door.
  4814 | D:6      | Noticed a two-headed ogre
  4814 | D:6      | Noticed micatius's ghost (novice TrBe)
  4929 | D:6      | Reached ***** piety under Jiyva
  5472 | D:7      | Gained mutation: You have a pair of small horns on your
                  | head. [Jiyva's grace]
  5472 | D:7      | Gained mutation: You have a pair of horns on your head.
                  | [Jiyva's grace]
  5472 | D:7      | Gained mutation: You have a pair of large horns on your
                  | head. [Jiyva's grace]
  5472 | D:7      | Gained mutation: You are strong-willed. (Will+) [Jiyva's
                  | grace]
  5502 | D:7      | Reached XP level 10. HP: 67/67 MP: 0/0
  5533 | D:7      | Reached skill level 9 in Spellcasting
  5650 | D:7      | Reached skill level 5 in Dodging
  6163 | D:7      | Found a sacrificial altar of Ru.
  6411 | D:7      | Found a runed translucent door.
  6412 | D:7      | Noticed Crazy Yiuf
  6439 | D:7      | Killed Crazy Yiuf
  6460 | D:7      | Identified the +8 hammer of Cutt {holy, rC++ rCorr Int-5}
  6463 | D:7      | Identified the +8 hammer of the Hungering Gods {drain, rF++
                  | Int-2 Dex+5}
  6713 | D:8      | Reached skill level 1 in Armour
  6878 | D:8      | Found Ifev's General Store.
  6888 | D:8      | Bought a scroll of identify for 30 gold pieces
  6894 | D:8      | Reached XP level 11. HP: 78/78 MP: 0/0
  6894 | D:8      | Learned a level 5 spell: Agony
  6998 | D:8      | Found a staircase to the Lair.
  7211 | D:9      | Noticed a cyclops
  7216 | D:9      | Killed a cyclops
  7217 | D:9      | Reached skill level 10 in Spellcasting
  7316 | D:9      | Found a staircase to the Orcish Mines.
  7365 | D:9      | Found Numn's Assorted Antiques.
  7370 | D:9      | Bought a scroll labelled VAUNOC ROSATU for 32 gold pieces
  7370 | D:9      | Bought a purple potion for 28 gold pieces
  7370 | D:9      | Bought a scroll labelled QUMNUH ZEHIFI for 32 gold pieces
  7760 | Lair:1   | Entered Level 1 of the Lair of Beasts
  7774 | Lair:1   | Gained mutation: You are partially covered in iridescent
                  | scales. (AC +2) [Jiyva's grace]
  7774 | Lair:1   | Gained mutation: You are mostly covered in iridescent
                  | scales. (AC +4) [Jiyva's grace]
  7774 | Lair:1   | Gained mutation: You are completely covered in iridescent
                  | scales. (AC +6) [Jiyva's grace]
  7774 | Lair:1   | Gained mutation: You have acidic saliva. [Jiyva's grace]
  7795 | Lair:1   | Reached ****** piety under Jiyva
  7992 | Lair:1   | Noticed a death yak
  7992 | Lair:1   | Noticed a death yak
  7992 | Lair:1   | Noticed a death yak
  8013 | Lair:1   | Killed a death yak
  8013 | Lair:1   | Noticed a death yak
  8014 | Lair:1   | Reached skill level 5 in Armour
  8016 | Lair:1   | Noticed a death yak
  8045 | Lair:1   | Slimified a death yak
  8045 | Lair:1   | a death yak changed into an azure jelly
  8045 | Lair:1   | Noticed an azure jelly
  8045 | Lair:1   | Killed a death yak
  8046 | Lair:1   | Killed an azure jelly
  8047 | Lair:1   | Reached XP level 12. HP: 69/85 MP: 0/0
  8049 | Lair:1   | Slimified a death yak
  8049 | Lair:1   | a death yak changed into an acid blob
  8049 | Lair:1   | Noticed an acid blob
  8052 | Lair:1   | Killed a death yak
  8292 | Lair:1   | You are sucked into a shaft and drop 1 floor!
  8296 | Lair:2   | Identified the +0 rapier "Saraem" {venom, Str-5 Int+5
                  | Dex+2}
  8441 | Lair:2   | Reached skill level 11 in Spellcasting
  8740 | Lair:2   | Found a staircase to the Snake Pit.
  9016 | Lair:2   | Lost mutation: You have a pair of large horns on your head.
                  | [Jiyva's grace]
  9016 | Lair:2   | Lost mutation: You have a pair of horns on your head.
                  | [Jiyva's grace]
  9016 | Lair:2   | Lost mutation: You are completely covered in iridescent
                  | scales. (AC +6) [Jiyva's grace]
  9016 | Lair:2   | Lost mutation: You are mostly covered in iridescent scales.
                  | (AC +4) [Jiyva's grace]
  9016 | Lair:2   | Lost mutation: You are partially covered in large bone
                  | plates. (SH +4) [Jiyva's grace]
  9016 | Lair:2   | Lost mutation: You have acidic saliva. [Jiyva's grace]
  9016 | Lair:2   | Gained mutation: You are covered in slimy tendrils that may
                  | disarm your opponents. [Jiyva's grace]
  9016 | Lair:2   | Gained mutation: Your body has grown eyes which may confuse
                  | attackers. (Acc +3) [Jiyva's grace]
  9016 | Lair:2   | Gained mutation: Your body has grown many eyes which may
                  | confuse attackers. (Acc +5) [Jiyva's grace]
  9016 | Lair:2   | Gained mutation: Your body is covered in eyes which may
                  | confuse attackers. (Acc +7, SInv) [Jiyva's grace]
  9265 | Lair:3   | Found a staircase to the Shoals.
  9493 | Lair:3   | Noticed a death yak
  9522 | Lair:3   | Killed a death yak
  9556 | Lair:3   | Reached XP level 13. HP: 91/92 MP: 0/0
  9556 | Lair:3   | Learned a level 5 spell: Lee's Rapid Deconstruction
 10358 | Lair:4   | Reached skill level 12 in Spellcasting
 11205 | Lair:5   | Entered Level 5 of the Lair of Beasts
 11300 | Lair:5   | Lost mutation: Armour fits poorly on your massive
                  | pseudopods. [Jiyva's grace]
 11300 | Lair:5   | Gained mutation: Your skin changes colour to match your
                  | surroundings (Stealth+). [Jiyva's grace]
 11300 | Lair:5   | Gained mutation: Your skin blends seamlessly with your
                  | surroundings (Stealth++). [Jiyva's grace]
 11300 | Lair:5   | Gained mutation: Your skin perfectly mimics your
                  | surroundings (Stealth+++). [Jiyva's grace]
 11300 | Lair:5   | Gained mutation: You have acidic saliva. [Jiyva's grace]
 11347 | Lair:5   | Noticed a four-headed hydra
 11575 | Lair:5   | Killed a four-headed hydra
 11576 | Lair:5   | Reached XP level 14. HP: 90/99 MP: 0/0
 11740 | Lair:5   | Reached skill level 13 in Spellcasting
 11774 | Lair:5   | Noticed Nessos
 11802 | Lair:5   | Killed Nessos
 11806 | Lair:5   | Reached skill level 10 in Dodging
 11956 | Lair:5   | Noticed Sonja
 12019 | Lair:5   | Found a staircase to the Slime Pits.
 12020 | Lair:5   | Found a viscous altar of Jiyva.
 12047 | Lair:5   | Killed Sonja
 12086 | Lair:5   | a boulder beetle changed into an acid blob
 12086 | Lair:5   | Noticed an acid blob
 12331 | Lair:5   | Found a snail-covered altar of Cheibriados.
 13298 | D:2      | Killed Sigmund
 13358 | D:5      | Killed nujazz's ghost
 13439 | D:6      | Killed micatius's ghost
 13558 | D:10     | Entered Level 10 of the Dungeon
 13558 | D:10     | Noticed Fannar
 13732 | D:10     | Reached skill level 1 in Maces & Flails
 13744 | D:10     | Killed Fannar
 13778 | D:10     | Noticed Lodul
 13892 | D:10     | Killed Lodul
 13923 | D:10     | Found an ornate altar of the Wu Jian Council.
 13962 | D:10     | Noticed Maggie
 13979 | D:10     | Killed Maggie
 14414 | D:11     | Reached XP level 15. HP: 96/107 MP: 0/0
 14414 | D:11     | Learned a level 6 spell: Simulacrum
 14689 | D:11     | Lost mutation: You have a pair of small horns on your head.
                  | [Jiyva's grace]
 14689 | D:11     | Lost mutation: Your skin perfectly mimics your surroundings
                  | (Stealth+++). [Jiyva's grace]
 14689 | D:11     | Lost mutation: You have acidic saliva. [Jiyva's grace]
 14689 | D:11     | Lost mutation: You are covered in slimy tendrils that may
                  | disarm your opponents. [Jiyva's grace]
 14689 | D:11     | Gained mutation: You have hidden genetic potential.
                  | [Jiyva's grace]
 14689 | D:11     | Gained mutation: You have great hidden genetic potential.
                  | [Jiyva's grace]
 14689 | D:11     | Gained mutation: Your melee attacks may engulf your foes in
                  | ooze. [Jiyva's grace]
 14689 | D:11     | Gained mutation: You passively map a small area around you.
                  | [Jiyva's grace]
 15139 | D:11     | Reached skill level 14 in Spellcasting
 15789 | D:12     | Lost mutation: Your skin blends seamlessly with your
                  | surroundings (Stealth++). [Jiyva's grace]
 15789 | D:12     | Lost mutation: Armour fits poorly on your large pseudopods.
                  | [Jiyva's grace]
 15789 | D:12     | Gained mutation: You have a small jelly attached to you
                  | that may absorb projectiles. [Jiyva's grace]
 15789 | D:12     | Gained mutation: You passively map the area around you.
                  | [Jiyva's grace]
 15789 | D:12     | Gained mutation: You passively map a large area around you.
                  | [Jiyva's grace]
 15789 | D:12     | Gained mutation: Your muscles are strong. (Str +4, Int/Dex
                  | -1) [Jiyva's grace]
 16151 | Orc:1    | Entered Level 1 of the Orcish Mines
 16157 | Orc:1    | Noticed an orc warlord
 16159 | Orc:1    | Noticed M4edhros's ghost (journeyman OpMo)
 16358 | Orc:1    | Found a transporter.
 16361 | Orc:1    | Found a transporter.
 16371 | Orc:1    | Reached skill level 10 in Fighting
 16384 | Orc:1    | Found Jemmok's Distillery.
 16526 | Orc:2    | Entered Level 2 of the Orcish Mines
 16667 | Orc:2    | Found a frozen archway.
 16689 | IceCv    | Entered an ice cave
 17074 | IceCv    | Noticed a frost giant
 17083 | IceCv    | Killed a frost giant
 17116 | IceCv    | Identified the +0 chain mail of Lieczy {rF+ rCorr Dex+4}
 17502 | Orc:2    | Noticed an orc warlord
 17521 | Orc:2    | Killed an orc warlord
 17523 | Orc:2    | Found Etytsech's Antique Weapon Emporium.
 17523 | Orc:2    | Found Yloiz's Antique Armour Shoppe.
 17650 | Orc:2    | Found a staircase to the Elven Halls.
 17662 | Orc:2    | Lost mutation: Your body is covered in eyes which may
                  | confuse attackers. (Acc +7, SInv) [Jiyva's grace]
 17662 | Orc:2    | Lost mutation: You have great hidden genetic potential.
                  | [Jiyva's grace]
 17662 | Orc:2    | Lost mutation: You have a small jelly attached to you that
                  | may absorb projectiles. [Jiyva's grace]
 17662 | Orc:2    | Gained mutation: Your natural rate of healing is unusually
                  | fast. [Jiyva's grace]
 17662 | Orc:2    | Gained mutation: You heal very quickly. [Jiyva's grace]
 17662 | Orc:2    | Gained mutation: You regenerate. [Jiyva's grace]
 17662 | Orc:2    | Gained mutation: Your spells are a little harder to cast,
                  | but a little more powerful. [Jiyva's grace]
 17669 | Orc:2    | Found a bloodstained altar of Trog.
 17700 | Orc:2    | Found Cirrovog's Magic Scroll Emporium.
 17708 | Orc:2    | Bought a scroll of identify for 26 gold pieces
 17753 | Orc:2    | Found Taxeng's Armour Shop.
 17761 | Orc:2    | Bought a +2 helmet of intelligence for 258 gold pieces
 17821 | Orc:2    | Found Wyaheq's Mayhem Merchandise.
 17958 | Orc:2    | Found a large runed translucent door.
 17959 | Orc:2    | Found a large runed translucent door.
 18024 | Orc:2    | Noticed Citaku's ghost (journeyman MiFi)
 18038 | Orc:2    | Killed Citaku's ghost
 18039 | Orc:2    | Reached skill level 10 in Shields
 18339 | D:13     | Identified the ring of Lisaerph {Will+ rCorr Dex+4}
 18396 | D:13     | Reached XP level 16. HP: 114/114 MP: 0/0
 18515 | D:13     | Found a broken altar of Ashenzari.
 18529 | D:13     | Reached skill level 15 in Spellcasting
 18537 | D:13     | Gained mutation: You have a beak for a mouth. [hidden
                  | potential]
 19026 | D:14     | Found a stormy altar of Qazlal.
 19190 | D:14     | Found a gate to the Vaults.
 19192 | D:14     | Identified the +4 chain mail "Foniluuq" {Fly rPois rCorr
                  | Int-4}
 19349 | D:14     | Found a runed translucent gate.
 19350 | D:14     | Found a runed translucent gate.
 19350 | D:14     | Found a runed translucent gate.
 19350 | D:14     | Noticed a lich
 19351 | D:14     | Noticed a lich
 19351 | D:14     | Noticed Odeis's ghost (journeyman OpCK)
 19351 | D:14     | Found the ring of the Octopus King
 19351 | D:14     | Noticed a lich
 19351 | D:14     | Noticed a lich
 19359 | D:14     | Slimified a lich
 19359 | D:14     | a lich changed into an acid blob
 19359 | D:14     | Noticed an acid blob
 19362 | D:14     | Slimified a lich
 19362 | D:14     | a lich changed into an azure jelly
 19362 | D:14     | Noticed an azure jelly
 19363 | D:14     | Killed Odeis's ghost
 19365 | D:14     | Killed a lich
 19367 | D:14     | Killed a lich
 19373 | D:14     | Identified the ring of Adauneholu {rElec rC+ Will- Str-3
                  | Int+8}
 19375 | D:14     | Identified the ring "Rusm" {Fire Slay+3}
 19378 | D:14     | Identified a ring of the Octopus King {rCorr HP+2 AC+2 EV+2
                  | SH+2}
 19380 | D:14     | Identified the +2 pair of gloves of Sif Muna's Approval
                  | {rElec}
 19830 | Slime:1  | Entered Level 1 of the Pits of Slime
 19835 | Slime:1  | Noticed an acid blob
 19842 | Slime:2  | Noticed an azure jelly
 19848 | Slime:3  | Noticed a rockslime
 20160 | D:15     | Entered Level 15 of the Dungeon
 20378 | D:15     | Noticed a frost giant
 20388 | D:15     | Killed a frost giant
 20389 | D:15     | Found a staircase to the Depths.
 20435 | D:15     | Reached skill level 5 in Maces & Flails
 20490 | D:15     | Lost mutation: You are partially covered in iridescent
                  | scales. (AC +2) [Jiyva's grace]
 20490 | D:15     | Lost mutation: You are strong-willed. (Will+) [Jiyva's
                  | grace]
 20490 | D:15     | Lost mutation: You passively map a large area around you.
                  | [Jiyva's grace]
 20490 | D:15     | Lost mutation: You regenerate. [Jiyva's grace]
 20490 | D:15     | Lost mutation: Your spells are a little harder to cast, but
                  | a little more powerful. [Jiyva's grace]
 20490 | D:15     | Gained mutation: Your body is covered in eyes which may
                  | confuse attackers. (Acc +7, SInv) [Jiyva's grace]
 20490 | D:15     | Gained mutation: Armour fits poorly on your large
                  | pseudopods. [Jiyva's grace]
 20490 | D:15     | Gained mutation: Armour fits poorly on your massive
                  | pseudopods. [Jiyva's grace]
 20490 | D:15     | Gained mutation: You are partially covered in iridescent
                  | scales. (AC +2) [Jiyva's grace]
 21396 | Snake:1  | Entered Level 1 of the Snake Pit
 21420 | Snake:1  | Reached XP level 17. HP: 39/121 MP: 0/0
 21420 | Snake:1  | Learned a level 6 spell: Starburst
 21638 | Snake:1  | Noticed Jorgrun
 21643 | Snake:1  | Slimified Jorgrun
 21643 | Snake:1  | Jorgrun changed into Jorgrun the acid blob
 21643 | Snake:1  | Noticed Jorgrun
 21667 | Snake:1  | Reached skill level 16 in Spellcasting
 21702 | Snake:1  | Noticed Azrael
 21887 | Snake:1  | Gained mutation: You are robust. (+10% HP) [hidden
                  | potential]
 21887 | Snake:1  | Lost mutation: You have hidden genetic potential. [hidden
                  | potential expressed]
 21896 | Snake:1  | Killed Azrael
 21917 | Snake:1  | Found Heim's Weapon Shop.
 22650 | Snake:2  | Lost mutation: You are partially covered in iridescent
                  | scales. (AC +2) [Jiyva's grace]
 22650 | Snake:2  | Lost mutation: You passively map the area around you.
                  | [Jiyva's grace]
 22650 | Snake:2  | Lost mutation: You heal very quickly. [Jiyva's grace]
 22650 | Snake:2  | Lost mutation: Your body is covered in eyes which may
                  | confuse attackers. (Acc +7, SInv) [Jiyva's grace]
 22650 | Snake:2  | Lost mutation: Your body has grown many eyes which may
                  | confuse attackers. (Acc +5) [Jiyva's grace]
 22650 | Snake:2  | Lost mutation: Armour fits poorly on your massive
                  | pseudopods. [Jiyva's grace]
 22650 | Snake:2  | Lost mutation: Your melee attacks may engulf your foes in
                  | ooze. [Jiyva's grace]
 22650 | Snake:2  | Gained mutation: You have a small jelly attached to you
                  | that may absorb projectiles. [Jiyva's grace]
 22650 | Snake:2  | Gained mutation: Armour fits poorly on your massive
                  | pseudopods. [Jiyva's grace]
 22650 | Snake:2  | Gained mutation: Your flesh is almost immune to the effects
                  | of heat. (rF+++) [Jiyva's grace]
 22650 | Snake:2  | Gained mutation: Your body has grown many eyes which may
                  | confuse attackers. (Acc +5) [Jiyva's grace]
 23548 | Slime:2  | Noticed an acid blob
 23576 | Slime:5  | Entered Level 5 of the Pits of Slime
 23589 | Slime:5  | Found a viscous altar of Jiyva.
 23591 | Slime:5  | Noticed an acid blob
 23591 | Slime:5  | Noticed an acid blob
 23592 | Slime:5  | Noticed an acid blob
 23592 | Slime:5  | Noticed an acid blob
 23593 | Slime:5  | Found the +5 robe of Night {Dark Will+ SInv}
 23597 | Slime:5  | Noticed the Royal Jelly
 23600 | Slime:5  | Noticed an acid blob
 23601 | Slime:5  | Noticed an acid blob
 23601 | Slime:5  | Noticed an acid blob
 23601 | Slime:5  | Noticed an acid blob
 23609 | Slime:5  | Got a slimy rune of Zot
 23677 | Slime:5  | Noticed an acid blob
 24153 | Snake:3  | Found a transporter.
 24157 | Snake:3  | Found Yramawyr's General Store.
 24229 | Snake:3  | Identified Roxanne's Grimoire of Silt
 24229 | Snake:3  | Noticed Roxanne
 24234 | Snake:3  | Killed Roxanne
 24292 | Snake:3  | Found a hazy altar of Hepliaklqana.
 24334 | Snake:3  | Noticed Donald
 24356 | Snake:3  | Killed Donald
 24544 | Snake:3  | Noticed Saint Roka
 24743 | Snake:3  | Killed Saint Roka
 24834 | Snake:3  | Found a transporter.
 25015 | Snake:3  | Gained mutation: You occasionally shout uncontrollably at
                  | your foes. [mutagenic glow]
 25045 | Snake:3  | Identified the ring of Stoicism {rN+ Str+2 Dex+3 Slay+3
                  | SInv}
 25056 | Snake:3  | Identified the ring of Light {rElec rCorr MP+9 Str+4 Int+4}
 25110 | Snake:4  | Entered Level 4 of the Snake Pit
 25208 | Snake:4  | Reached XP level 18. HP: 136/143 MP: 0/0
 25345 | Snake:4  | Reached skill level 17 in Spellcasting
 25522 | Snake:4  | Lost mutation: You occasionally shout uncontrollably at
                  | your foes. [Jiyva's grace]
 25522 | Snake:4  | Lost mutation: Your body has grown many eyes which may
                  | confuse attackers. (Acc +5) [Jiyva's grace]
 25522 | Snake:4  | Lost mutation: Armour fits poorly on your massive
                  | pseudopods. [Jiyva's grace]
 25522 | Snake:4  | Gained mutation: You possess an exceptional clarity of
                  | mind. [Jiyva's grace]
 25522 | Snake:4  | Gained mutation: You expend health (3 HP) to strengthen
                  | your wands. [Jiyva's grace]
 25522 | Snake:4  | Gained mutation: You are agile. (Dex +4, Str/Int -1)
                  | [Jiyva's grace]
 25522 | Snake:4  | Gained mutation: You are very agile. (Dex +8, Str/Int -2)
                  | [Jiyva's grace]
 25989 | Snake:4  | Got a serpentine rune of Zot
 26461 | Elf:1    | Entered Level 1 of the Elven Halls
 26634 | Elf:1    | Found Fueto's Assorted Antiques.
 26666 | Elf:1    | Noticed Frances
 26672 | Elf:1    | Was placed under penance by Jiyva
 26678 | Elf:1    | Killed Frances
 26790 | Elf:1    | Reached XP level 19. HP: 123/150 MP: 0/0
 26790 | Elf:1    | Learned a level 6 spell: Iron Shot
 26883 | Elf:1    | Reached skill level 18 in Spellcasting
 27011 | Elf:1    | Was forgiven by Jiyva
 27728 | Elf:2    | Found a crumbling gateway.
 27733 | Desolati | Entered the Desolation of Salt
 27818 | Desolati | Identified the amulet of Keucitzi {Spirit Str+3}
 27852 | Desolati | Identified the amulet of Cora {Acrobat Rampage rN+ Str-2
                  | Int+6 Slay-6}
 27864 | Desolati | Identified the +4 mace "Z" {holy, rPois Int+2}
 27911 | Desolati | Identified the +5 hand axe of Superiority {heavy, rPois
                  | Will+++ Str-5 Dex-4}
 27937 | Desolati | Identified the +1 leather armour of the Elven Halls
                  | {Rampage rF- Will++ Str+2}
 27938 | Desolati | Identified the ring "Guekhec" {rC+ EV+5 SInv Stlth-}
 28106 | Desolati | Identified the ring "Xaiddaqi" {Str+6 Slay+2}
 28157 | Desolati | Identified the +7 war axe of Crusades {holy, Stlth+}
 28161 | Desolati | Reached XP level 20. HP: 159/159 MP: 0/0
 28270 | Desolati | Identified the +0 sling of the Hand {heavy, +Blink}
 28469 | Desolati | Reached skill level 19 in Spellcasting
 28482 | Desolati | Lost mutation: You have a beak for a mouth. [Jiyva's grace]
 28482 | Desolati | Lost mutation: You are very agile. (Dex +8, Str/Int -2)
                  | [Jiyva's grace]
 28482 | Desolati | Lost mutation: Your flesh is almost immune to the effects
                  | of heat. (rF+++) [Jiyva's grace]
 28482 | Desolati | Gained mutation: You are very agile. (Dex +8, Str/Int -2)
                  | [Jiyva's grace]
 28482 | Desolati | Gained mutation: You are covered in slimy tendrils that may
                  | disarm your opponents. [Jiyva's grace]
 28482 | Desolati | Gained mutation: You are resistant to electric shocks.
                  | (rElec) [Jiyva's grace]
 28482 | Desolati | Lost mutation: Your skin changes colour to match your
                  | surroundings (Stealth+). [Jiyva's grace]
 28482 | Desolati | Gained mutation: Your translucent skin slightly reduces
                  | your foes' accuracy. (Stealth+) [Jiyva's grace]
 28496 | Desolati | Identified the ring "Fasofeav" {rCorr MP+9 Str+5 Slay+3
                  | Stlth+}
 28547 | Desolati | Identified the ring of Tikieshro {Fly Will++ Str-5 Dex+2
                  | Slay+2}
 28548 | Desolati | Was placed under penance by Jiyva
 28756 | Desolati | Was forgiven by Jiyva
 29246 | Elf:2    | Found a runed translucent gate.
 29246 | Elf:2    | Found a runed translucent gate.
 29246 | Elf:2    | Found a runed translucent gate.
 29335 | Elf:3    | Entered Level 3 of the Elven Halls
 29516 | Elf:3    | Identified the ring "Usun" {rN+ Str+3}
 29740 | Elf:3    | Was placed under penance by Jiyva
 29746 | Elf:3    | Identified the +1 robe of the Insatiable Ghosts {*Corrode
                  | rElec rN+ Will++}
 29746 | Elf:3    | Identified the ring of Ypsasuu {rC+ Str+6 Int+4}
 29750 | Elf:3    | Identified the +1 great sword of Ugaciz {flame, Dex+2}
 29787 | Elf:3    | Found Geosk's One-of-a-Kind Books.
 29909 | Elf:3    | Identified the +7 broad axe of Emmurur {spect, rCorr Str-2
                  | Int+6 Stlth+}
 29909 | Elf:3    | Identified the ring "Biask" {rF+ rC+++ Str-5 Dex+3}
 29945 | Elf:3    | Reached XP level 21. HP: 160/167 MP: 0/0
 29945 | Elf:3    | Learned a level 8 spell: Disjunction
 30096 | Elf:3    | Was forgiven by Jiyva
 30588 | Shoals:1 | Entered Level 1 of the Shoals
 31094 | Shoals:1 | Lost mutation: You passively map a small area around you.
                  | [Jiyva's grace]
 31094 | Shoals:1 | Lost mutation: Your natural rate of healing is unusually
                  | fast. [Jiyva's grace]
 31094 | Shoals:1 | Lost mutation: You are resistant to electric shocks.
                  | (rElec) [Jiyva's grace]
 31094 | Shoals:1 | Lost mutation: Your body has grown eyes which may confuse
                  | attackers. (Acc +3) [Jiyva's grace]
 31094 | Shoals:1 | Gained mutation: You are partially covered in iridescent
                  | scales. (AC +2) [Jiyva's grace]
 31094 | Shoals:1 | Gained mutation: You are mostly covered in iridescent
                  | scales. (AC +4) [Jiyva's grace]
 31094 | Shoals:1 | Gained mutation: You are completely covered in iridescent
                  | scales. (AC +6) [Jiyva's grace]
 31094 | Shoals:1 | Gained mutation: Your natural rate of healing is unusually
                  | fast. [Jiyva's grace]
 31320 | Shoals:2 | Found a transporter.
 31345 | Shoals:2 | Found a transporter.
 31376 | Shoals:2 | You are sucked into a shaft and drop 1 floor!
 31378 | Shoals:3 | Noticed Louise
 31387 | Shoals:3 | Killed Louise
 31397 | Shoals:3 | Reached skill level 20 in Spellcasting
 31446 | Shoals:3 | Noticed Kirke
 31456 | Shoals:3 | Noticed Bai Suzhen
 31457 | Shoals:3 | Killed Kirke
 31465 | Shoals:3 | Killed Bai Suzhen
 31476 | Shoals:3 | Noticed Ilsuiw
 31493 | Shoals:3 | Killed Ilsuiw
 32738 | Shoals:2 | Noticed Edux's ghost (journeyman MiBe)
 32819 | Shoals:2 | Killed Edux's ghost
 32833 | Shoals:2 | Identified the +0 helmet of Dishonour {rN+ Dex+2}
 32930 | Shoals:4 | Entered Level 4 of the Shoals
 32982 | Shoals:4 | Lost mutation: You are completely covered in iridescent
                  | scales. (AC +6) [Jiyva's grace]
 32982 | Shoals:4 | Lost mutation: You are very agile. (Dex +8, Str/Int -2)
                  | [Jiyva's grace]
 32982 | Shoals:4 | Gained mutation: You passively map a small area around you.
                  | [Jiyva's grace]
 32982 | Shoals:4 | Gained mutation: You passively map the area around you.
                  | [Jiyva's grace]
 32982 | Shoals:4 | Gained mutation: You passively map a large area around you.
                  | [Jiyva's grace]
 32982 | Shoals:4 | Gained mutation: You passively dampen the noise of your
                  | surroundings. [Jiyva's grace]
 33199 | Shoals:4 | Got a barnacled rune of Zot
 33268 | Shoals:4 | Identified the +2 lajatang "Beilata" {speed, rN+}
 33317 | Shoals:4 | Found the amulet of the Air {Inacc Air Fly rElec RMsl}
 34012 | Orc:1    | Killed M4edhros's ghost
 34193 | Vaults:1 | Entered Level 1 of the Vaults
 34210 | Vaults:1 | Reached XP level 22. HP: 168/176 MP: 0/0
 34213 | Vaults:1 | Reached skill level 15 in Shields
 34412 | Vaults:1 | Reached skill level 10 in Maces & Flails
 34447 | Vaults:1 | Reached skill level 15 in Fighting
 34547 | Vaults:1 | Noticed Nikola
 34553 | Vaults:1 | Killed Nikola
 34641 | Vaults:1 | Reached skill level 21 in Spellcasting
 34729 | Vaults:1 | Lost mutation: You are mostly covered in iridescent scales.
                  | (AC +4) [Jiyva's grace]
 34729 | Vaults:1 | Lost mutation: You are partially covered in iridescent
                  | scales. (AC +2) [Jiyva's grace]
 34729 | Vaults:1 | Lost mutation: You are agile. (Dex +4, Str/Int -1) [Jiyva's
                  | grace]
 34729 | Vaults:1 | Lost mutation: You possess an exceptional clarity of mind.
                  | [Jiyva's grace]
 34729 | Vaults:1 | Lost mutation: You passively map a large area around you.
                  | [Jiyva's grace]
 34729 | Vaults:1 | Lost mutation: You passively map the area around you.
                  | [Jiyva's grace]
 34729 | Vaults:1 | Lost mutation: You are robust. (+10% HP) [Jiyva's grace]
 34729 | Vaults:1 | Gained mutation: You are strong-willed. (Will+) [Jiyva's
                  | grace]
 34729 | Vaults:1 | Gained mutation: You are highly strong-willed. (Will++)
                  | [Jiyva's grace]
 34729 | Vaults:1 | Gained mutation: You are extremely strong-willed. (Will+++)
                  | [Jiyva's grace]
 34729 | Vaults:1 | Gained mutation: You are agile. (Dex +4, Str/Int -1)
                  | [Jiyva's grace]
 35378 | Vaults:2 | Found Risouzof's Assorted Antiques.
 35381 | Vaults:2 | Bought a scroll labelled YLLUCU ATEJI for 31 gold pieces
 35844 | Vaults:2 | Noticed Frederick
 35850 | Vaults:2 | Killed Frederick
 36195 | Vaults:2 | Lost mutation: Armour fits poorly on your large pseudopods.
                  | [Jiyva's grace]
 36195 | Vaults:2 | Lost mutation: You are covered in slimy tendrils that may
                  | disarm your opponents. [Jiyva's grace]
 36195 | Vaults:2 | Gained mutation: You are somewhat resistant to further
                  | mutation. [Jiyva's grace]
 36195 | Vaults:2 | Gained mutation: You are somewhat resistant to both further
                  | mutation and mutation removal. [Jiyva's grace]
 36195 | Vaults:2 | Gained mutation: You are almost entirely resistant to
                  | further mutation and mutation removal. [Jiyva's grace]
 36195 | Vaults:2 | Gained mutation: You are very agile. (Dex +8, Str/Int -2)
                  | [Jiyva's grace]
 36292 | Vaults:2 | Found a staircase to the Crypt.
 36613 | Vaults:3 | Reached XP level 23. HP: 134/167 MP: 0/0
 36613 | Vaults:3 | Learned a level 7 spell: Summon Hydra
 38502 | Vaults:4 | Reached skill level 22 in Spellcasting
 38515 | Vaults:4 | Lost mutation: You are very agile. (Dex +8, Str/Int -2)
                  | [Jiyva's grace]
 38515 | Vaults:4 | Lost mutation: You are almost entirely resistant to further
                  | mutation and mutation removal. [Jiyva's grace]
 38515 | Vaults:4 | Lost mutation: Your natural rate of healing is unusually
                  | fast. [Jiyva's grace]
 38515 | Vaults:4 | Lost mutation: Your muscles are strong. (Str +4, Int/Dex
                  | -1) [Jiyva's grace]
 38515 | Vaults:4 | Lost mutation: Armour fits poorly on your pseudopods.
                  | [Jiyva's grace]
 38515 | Vaults:4 | Gained mutation: Your translucent skin reduces your foes'
                  | accuracy. (Stealth+) [Jiyva's grace]
 38515 | Vaults:4 | Gained mutation: Your transparent skin significantly
                  | reduces your foes' accuracy. (Stealth+) [Jiyva's grace]
 38515 | Vaults:4 | Gained mutation: You have a pair of small horns on your
                  | head. [Jiyva's grace]
 38515 | Vaults:4 | Gained mutation: You have a pair of horns on your head.
                  | [Jiyva's grace]
 39144 | Depths:1 | Entered Level 1 of the Depths
 39167 | Depths:1 | Found a sparkling altar of Nemelex Xobeh.
 39212 | Depths:1 | Identified the +9 hand axe "Lifebane" {heavy, rCorr SInv}
 39221 | Depths:1 | Found a runed translucent door.
 39249 | Depths:1 | Noticed Geojo's ghost (veteran DjFE)
 39251 | Depths:1 | Noticed a golden dragon
 39256 | Depths:1 | Found a one-way gateway to a ziggurat.
 39429 | Depths:1 | Found an opulent altar of Gozag.
 39528 | Depths:1 | Noticed a caustic shrike
 39528 | Depths:1 | Noticed Mughoub's ghost (veteran DjFE)
 39532 | Depths:1 | Noticed a caustic shrike
 39578 | Depths:1 | Found a gateway to Hell.
 39638 | Depths:1 | Found a transporter.
 39639 | Depths:1 | Found a transporter.
 39646 | Depths:1 | Found Goskij's Gadget Gallery.
 40143 | Depths:2 | Found a one-way gate leading to the halls of Pandemonium.
 40185 | Depths:2 | Noticed Sojobo
 40198 | Depths:2 | Killed Sojobo
 40298 | Depths:2 | Reached XP level 24. HP: 130/175 MP: 0/0
 40421 | Depths:2 | Noticed a golden dragon
 40424 | Depths:2 | Killed a golden dragon
 40429 | Depths:2 | Noticed a juggernaut
 40430 | Depths:2 | Killed a juggernaut
 41015 | Depths:2 | Lost mutation: You are agile. (Dex +4, Str/Int -1) [Jiyva's
                  | grace]
 41015 | Depths:2 | Lost mutation: You are extremely strong-willed. (Will+++)
                  | [Jiyva's grace]
 41015 | Depths:2 | Lost mutation: You are somewhat resistant to both further
                  | mutation and mutation removal. [Jiyva's grace]
 41015 | Depths:2 | Lost mutation: You passively map a small area around you.
                  | [Jiyva's grace]
 41015 | Depths:2 | Lost mutation: Your transparent skin significantly reduces
                  | your foes' accuracy. (Stealth+) [Jiyva's grace]
 41015 | Depths:2 | Gained mutation: Your melee attacks may engulf your foes in
                  | ooze. [Jiyva's grace]
 41015 | Depths:2 | Gained mutation: Your muscles are strong. (Str +4, Int/Dex
                  | -1) [Jiyva's grace]
 41015 | Depths:2 | Gained mutation: Your muscles are very strong. (Str +8,
                  | Int/Dex -2) [Jiyva's grace]
 41015 | Depths:2 | Gained mutation: Your transparent skin significantly
                  | reduces your foes' accuracy. (Stealth+) [Jiyva's grace]
 42222 | Depths:3 | Identified the +3 chain mail "Utouqome" {-Tele rPois Int+6}
 42273 | Depths:3 | Noticed Grunn
 42279 | Depths:3 | Killed Grunn
 42325 | Depths:3 | Noticed a golden dragon
 42441 | Depths:3 | Killed a golden dragon
 42447 | Depths:3 | Reached skill level 23 in Spellcasting
 42470 | Depths:3 | Identified the +2 cloak of Zuesosal {-Tele rElec Will+}
 42470 | Depths:3 | Identified the ring of Xourhug {Str+2 Dex-2 SInv Stlth+}
 42574 | Depths:3 | Found a one-way gate to the infinite horrors of the Abyss.
 42863 | Depths:3 | Noticed a golden dragon
 42872 | Depths:3 | Killed a golden dragon
 43104 | Depths:3 | Found a transporter.
 43110 | Depths:3 | Found a transporter.
 43144 | Depths:3 | Found a transporter.
 43152 | Depths:3 | Found a transporter.
 43287 | Depths:4 | Entered Level 4 of the Depths
 43421 | Depths:4 | Reached XP level 25. HP: 130/184 MP: 0/0
 43421 | Depths:4 | Learned a level 8 spell: Summon Horrible Things
 43594 | Depths:4 | Found a gate to the Realm of Zot.
 44173 | Depths:4 | Reached skill level 24 in Spellcasting
 44844 | Crypt:1  | Entered Level 1 of the Crypt
 44985 | Crypt:1  | You are sucked into a shaft and drop 1 floor!
 45035 | Crypt:2  | Lost mutation: You are highly strong-willed. (Will++)
                  | [Jiyva's grace]
 45035 | Crypt:2  | Lost mutation: You are strong-willed. (Will+) [Jiyva's
                  | grace]
 45035 | Crypt:2  | Lost mutation: Your muscles are very strong. (Str +8,
                  | Int/Dex -2) [Jiyva's grace]
 45035 | Crypt:2  | Lost mutation: Your melee attacks may engulf your foes in
                  | ooze. [Jiyva's grace]
 45035 | Crypt:2  | Lost mutation: You passively dampen the noise of your
                  | surroundings. [Jiyva's grace]
 45035 | Crypt:2  | Gained mutation: You have very sharp teeth. [Jiyva's grace]
 45035 | Crypt:2  | Gained mutation: You have extremely sharp teeth. [Jiyva's
                  | grace]
 45035 | Crypt:2  | Gained mutation: You have razor-sharp teeth. [Jiyva's
                  | grace]
 45035 | Crypt:2  | Gained mutation: You are agile. (Dex +4, Str/Int -1)
                  | [Jiyva's grace]
 45217 | Crypt:2  | Identified the ring "Ympu" {Ice Fly rPois rCorr Int-5}
 45217 | Crypt:2  | Noticed Josephina
 45227 | Crypt:2  | Killed Josephina
 45363 | Crypt:2  | Was placed under penance by Jiyva
 45422 | Crypt:2  | Was forgiven by Jiyva
 45571 | Crypt:2  | Identified the +6 shortbow "Nydaej" {freeze, Dex+6}
 45814 | Crypt:1  | Identified the +7 morningstar of Fydagawo {heavy, Int+2
                  | Dex+2}
 46146 | Crypt:3  | Entered Level 3 of the Crypt
 46209 | Crypt:3  | Noticed Boris
 46220 | Crypt:3  | Killed Boris
 46356 | Crypt:3  | Identified the amulet of Cuwuuwnus {+Blink Will++ Regen+
                  | Int+3}
 46357 | Crypt:3  | Reached XP level 26. HP: 153/193 MP: 0/0
 46436 | Crypt:3  | Lost mutation: You have razor-sharp teeth. [Jiyva's grace]
 46436 | Crypt:3  | Lost mutation: Your transparent skin significantly reduces
                  | your foes' accuracy. (Stealth+) [Jiyva's grace]
 46436 | Crypt:3  | Lost mutation: Your translucent skin reduces your foes'
                  | accuracy. (Stealth+) [Jiyva's grace]
 46436 | Crypt:3  | Gained mutation: You have a small jelly attached to you
                  | that senses nearby items. [Jiyva's grace]
 46436 | Crypt:3  | Gained mutation: You are resistant to electric shocks.
                  | (rElec) [Jiyva's grace]
 46436 | Crypt:3  | Gained mutation: Your translucent skin reduces your foes'
                  | accuracy. (Stealth+) [Jiyva's grace]
 46436 | Crypt:3  | Gained mutation: Your transparent skin significantly
                  | reduces your foes' accuracy. (Stealth+) [Jiyva's grace]
 46658 | Crypt:3  | Found a staircase to the Tomb.
 47014 | Crypt:3  | Reached skill level 25 in Spellcasting
 47022 | Crypt:3  | Identified the amulet of Qioli {Harm Will- Regen+ rCorr
                  | Dex+6}
 47029 | Crypt:3  | Identified the ring "Eso Ajae" {rN+ Dex+3}
 47029 | Crypt:3  | Identified the ring "Zigun" {rElec rF- rC- rN+ Will+++}
 47032 | Crypt:3  | Identified the +4 shortbow "Usejel" {drain, rN+ Will+
                  | Int-5}
 47918 | Depths:1 | Killed Geojo's ghost
 47928 | Depths:1 | Killed Mughoub's ghost
 47931 | Depths:1 | Identified the +2 hat of Ennui {Rampage Will+}
 48027 | Zot:1    | Entered Level 1 of the Realm of Zot
 48060 | Zot:1    | Identified the +1 leather armour of Gluttony {Slay+3
                  | Stlth+}
 48189 | Zot:1    | Noticed a curse toe
 48200 | Zot:1    | Killed a curse toe
 48271 | Zot:1    | Identified the +9 scimitar of the Screaming Seeker {venom,
                  | Str+3 Int+2}
 49090 | Zot:2    | Noticed a curse toe
 49310 | Zot:2    | Killed a curse toe
 49471 | Zot:2    | You are sucked into a shaft and drop 2 floors!
 49501 | Zot:4    | Lost mutation: You have a pair of horns on your head.
                  | [Jiyva's grace]
 49501 | Zot:4    | Lost mutation: Your transparent skin significantly reduces
                  | your foes' accuracy. (Stealth+) [Jiyva's grace]
 49501 | Zot:4    | Lost mutation: Your translucent skin reduces your foes'
                  | accuracy. (Stealth+) [Jiyva's grace]
 49501 | Zot:4    | Lost mutation: You have a small jelly attached to you that
                  | may absorb projectiles. [Jiyva's grace]
 49501 | Zot:4    | Lost mutation: You expend health (3 HP) to strengthen your
                  | wands. [Jiyva's grace]
 49501 | Zot:4    | Gained mutation: Armour fits poorly on your pseudopods.
                  | [Jiyva's grace]
 49501 | Zot:4    | Gained mutation: Armour fits poorly on your large
                  | pseudopods. [Jiyva's grace]
 49501 | Zot:4    | Gained mutation: Armour fits poorly on your massive
                  | pseudopods. [Jiyva's grace]
 49501 | Zot:4    | Gained mutation: You have a pair of horns on your head.
                  | [Jiyva's grace]
 49552 | Zot:3    | Reached XP level 27. HP: 192/202 MP: 0/0
 49552 | Zot:3    | Learned a level 9 spell: Death's Door
 50237 | Vaults:5 | Entered Level 5 of the Vaults
 50375 | Vaults:5 | Noticed a dread lich
 50389 | Vaults:5 | Paralysed by a Zot trap for 4 turns
 50390 | Vaults:5 | Identified the ring of Meejet {+Blink Str+6 SInv Stlth+}
 50398 | Vaults:5 | Killed a dread lich
 50407 | Vaults:5 | Noticed a dread lich
 50503 | Vaults:5 | Killed a dread lich
 50683 | Vaults:5 | Identified the +1 morningstar of Garikkim {pain, Str+2}
 50807 | Vaults:5 | Identified the +0 fire dragon scales "Kiesm" {rF++ rC- rN+
                  | Will- Regen+ Dex+2}
 50840 | Vaults:5 | Noticed an ancient lich
 50850 | Vaults:5 | Killed an ancient lich
 50859 | Vaults:5 | Identified the +8 scimitar of No Interval {venom, rF+ Str+4
                  | Int+4 Dex-2}
 51081 | Vaults:5 | Identified the +1 ring mail of the Shimmering Gods {rPois
                  | rF- Will+}
 51304 | Vaults:5 | Got a silver rune of Zot
 51639 | Vaults:2 | Bought a scroll of teleportation for 93 gold pieces
 51639 | Vaults:2 | Bought a transparent ring mail for 279 gold pieces
 51639 | Vaults:2 | Identified the +0 ring mail "Miojis" {Int+5 Dex+6 Stlth+}
                  | (You bought it in a shop on level 2 of the Vaults)
 51914 | Orc:1    | Bought a potion of curing for 33 gold pieces
 51914 | Orc:1    | Bought a potion of curing for 33 gold pieces
 51914 | Orc:1    | Bought a potion of might for 44 gold pieces
 51914 | Orc:1    | Bought a potion of resistance for 110 gold pieces
 51914 | Orc:1    | Bought a potion of ambrosia for 88 gold pieces
 51914 | Orc:1    | Bought 2 potions of curing for 66 gold pieces
 51951 | Orc:2    | Bought a scroll of teleportation for 39 gold pieces
 51951 | Orc:2    | Bought a scroll of teleportation for 39 gold pieces
 51951 | Orc:2    | Bought a scroll of summoning for 123 gold pieces
 52018 | Elf:1    | Bought a scroll of blinking for 270 gold pieces
 52018 | Elf:1    | Bought a potion of curing for 108 gold pieces
 52018 | Elf:1    | Bought a potion of curing for 108 gold pieces
 52194 | D:5      | Bought a potion of curing for 45 gold pieces
 52194 | D:5      | Bought a potion of haste for 150 gold pieces
 52194 | D:5      | Bought a potion of curing for 45 gold pieces
 52194 | D:5      | Bought a potion of curing for 45 gold pieces
 52194 | D:5      | Bought 2 potions of heal wounds for 150 gold pieces
 52194 | D:5      | Bought a potion of brilliance for 60 gold pieces
 52340 | Orc:2    | Bought the +6 shillelagh "Devastator" {shatter} for 720
                  | gold pieces
 52340 | Orc:2    | Found the +6 shillelagh "Devastator" {shatter}
 52531 | Snake:3  | Bought a scroll of teleportation for 33 gold pieces
 52531 | Snake:3  | Bought a potion of curing for 33 gold pieces
 52531 | Snake:3  | Bought a scroll of teleportation for 33 gold pieces
 52531 | Snake:3  | Bought a scroll of poison for 44 gold pieces
 53055 | Zot:3    | Found Cuugh's CLEARANCE SALE!.
 53060 | Zot:3    | Bought 3 scrolls of blinking for 67 gold pieces
 53164 | Zot:3    | Reached skill level 1 in Axes
 53319 | Zot:3    | Lost mutation: You have extremely sharp teeth. [Jiyva's
                  | grace]
 53319 | Zot:3    | Lost mutation: You have a pair of horns on your head.
                  | [Jiyva's grace]
 53319 | Zot:3    | Lost mutation: Your muscles are strong. (Str +4, Int/Dex
                  | -1) [Jiyva's grace]
 53319 | Zot:3    | Gained mutation: You are partially covered in iridescent
                  | scales. (AC +2) [Jiyva's grace]
 53319 | Zot:3    | Gained mutation: You are mostly covered in iridescent
                  | scales. (AC +4) [Jiyva's grace]
 53319 | Zot:3    | Gained mutation: You are completely covered in iridescent
                  | scales. (AC +6) [Jiyva's grace]
 53319 | Zot:3    | Gained mutation: Your rubbery body absorbs attacks. (AC +1,
                  | EV +1) [Jiyva's grace]
 54514 | Zot:5    | Entered Level 5 of the Realm of Zot
 54920 | Zot:5    | Reached skill level 5 in Axes
 54976 | Zot:5    | Noticed an orb of fire
 54981 | Zot:5    | Noticed a Killer Klown
 54982 | Zot:5    | Killed an orb of fire
 54986 | Zot:5    | Noticed a Killer Klown
 54988 | Zot:5    | Killed a Killer Klown
 54993 | Zot:5    | Killed a Killer Klown
 54995 | Zot:5    | Noticed a Killer Klown
 55000 | Zot:5    | Noticed an orb of fire
 55011 | Zot:5    | Killed a Killer Klown
 55017 | Zot:5    | Killed an orb of fire
 55023 | Zot:5    | Lost mutation: You have very sharp teeth. [Jiyva's grace]
 55023 | Zot:5    | Lost mutation: You are completely covered in iridescent
                  | scales. (AC +6) [Jiyva's grace]
 55023 | Zot:5    | Lost mutation: You are resistant to electric shocks.
                  | (rElec) [Jiyva's grace]
 55023 | Zot:5    | Gained mutation: You are very agile. (Dex +8, Str/Int -2)
                  | [Jiyva's grace]
 55023 | Zot:5    | Gained mutation: Your muscles are strong. (Str +4, Int/Dex
                  | -1) [Jiyva's grace]
 55023 | Zot:5    | Gained mutation: Your muscles are very strong. (Str +8,
                  | Int/Dex -2) [Jiyva's grace]
 55023 | Zot:5    | Lost mutation: You are somewhat resistant to further
                  | mutation. [Jiyva's grace]
 55023 | Zot:5    | Gained mutation: You have hidden genetic potential.
                  | [Jiyva's grace]
 55070 | Zot:5    | Lost mutation: Your muscles are very strong. (Str +8,
                  | Int/Dex -2) [mutagenic glow]
 55087 | Zot:5    | Noticed an ancient lich
 55098 | Zot:5    | Killed an ancient lich
 55103 | Zot:5    | Noticed an orb of fire
 55107 | Zot:5    | Killed an orb of fire
 55133 | Zot:5    | Noticed a dread lich
 55137 | Zot:5    | Noticed an orb of fire
 55147 | Zot:5    | Noticed a Killer Klown
 55147 | Zot:5    | Killed a dread lich
 55147 | Zot:5    | Killed an orb of fire
 55164 | Zot:5    | Killed a Killer Klown
 55204 | Zot:5    | Noticed a Killer Klown
 55207 | Zot:5    | Killed a Killer Klown
 55649 | Zot:5    | Got the Orb of Zot
 55760 | Zot:1    | Noticed Duitif the pandemonium lord
 55766 | Zot:1    | Killed Duitif the pandemonium lord
 56107 | D:7      | Noticed Asazar the pandemonium lord
 56126 | D:5      | Noticed Mousch the pandemonium lord
 56135 | D:5      | Killed Mousch the pandemonium lord
 56165 | D:4      | Noticed Wuwewk the pandemonium lord
 56202 | D:1      | Woot! Jiyva!
 56203 | D:$      | Escaped with the Orb!

Illustrated notes

..# #.#.# #.# #.[......#
#.###.#.#########.# #.########
#.................# #.##
#.......####..#..####..##
........#...............#
#.......#..##♣♣♣.♣♣♣##..#########
#.......#..# ♣⌠♣ #..##......#
#.(.....#..♣♣♣♣♣.♣♣♣♣♣..##......#
#.......#.....⌠.@.⌠.....##......#
#.......#..♣♣♣♣♣.♣♣♣♣♣..##.......
#.#######..# ♣⌠♣ #..##.......
..## #..##♣♣♣.♣♣♣##..######...
...# #.....(.........# ####...
.#.## ###..######..######......
.#..## ##...# #..........##...
.##..## ###.# #.......)).##...
.###..# #.###..........##...


Turn 56202 on D:1: Woot! Jiyva!

Levels and vault maps discovered:
D:1:      scummos_arrival_forest, layout_basic, minmay_lizard_pond
D:2:      layout_basic, uniq_sigmund
D:3:      cheibrodos_thug_alley, layout_basic,
          gammafunk_temple_overflow_forgotten,
          dreamdust_ecumenical_altar_statues, minmay_misc_feat_chi
D:4:      layout_loops_ring, dancing_weapons_uskayaw, serial_shops,
          kennysheep_little_box, uniq_natasha, uniq_grinder, uniq_pikel
D:5:      layout_layer_cave, minmay_temple_entry_antechambers,
          gammafunk_ghost_necromancy, serial_shops, shop, uniq_prince_ribbit1,
          uniq_eustachio
D:6:      layout_loops_ring, marbit_many_paths, gup_sewer_entry_glass,
          ebering_ghost_inner_flame, grunt_ministairs_5
D:7:      layout_basic, nicolae_ru_path_of_blood,
          minmay_fractal_squares_gapless_5, uniq_crazy_yiuf_cottage
D:8:      layout_basic, dpeg_oklobed_lair, serial_shops, nicolae_shop_trees
D:9:      layout_roguey, orc_0_dummy, serial_shops, shop
D:10:     layout_rooms, mainiacjoe_overflow_paths, uniq_fannar, uniq_lodul,
          uniq_maggie
D:11:     layout_stronghold
D:12:     minmay_angry_zag, layout_stronghold
D:13:     layout_small_grid, evilmike_ruin_ashenzari
D:14:     kennysheep_cluttered_fort, layout_rooms, david_vaults_1,
          gammafunk_ghost_crypt, nicolae_qazlal_general_emergency
D:15:     grunt_enter_depths_snipers, layout_stronghold,
          minmay_tree_intersection
Temple:   regret_index_temple_waves
Lair:1:   layout_misc_corridors
Lair:2:   beast_lair_carwin_large_2, layout_big_grid, dummy_snake_entry,
          grunt_megastairs_5
Lair:3:   layout_cave_pods, shoals_dummy_entry, lemuel_fruit_fields
Lair:4:   layout_cave_pods
Lair:5:   hangedman_lair_tendril_chambers, layout_cave_pods, slime_entry_1,
          kennysheep_snail_temple, serial_bayou_shore_a, uniq_sonja, uniq_nessos
Shoals:1: layout_shoals
Shoals:2: layout_shoals, gammafunk_ghost_berserking_beasts
Shoals:3: layout_shoals, uniq_ilsuiw, uniq_bai_suzhen, uniq_louise, uniq_kirke
Shoals:4: shoals_end_grunt_ice, layout_shoals
Snake:1:  layout_gridlike, minmay_shop_star, uniq_azrael, uniq_jorgrun
Snake:2:  layout_onion, nicolae_coiled_stairwell_down
Snake:3:  gammafunk_its_a_trap, layout_rooms, basic_altar, serial_shops,
          nicolae_shop_stone, serial_bayou_shore_b, uniq_donald,
          uniq_saint_roka, uniq_roxanne
Snake:4:  snake_pit, layout_cave_town, abandoned_shop,
          hangedman_snake_thin_pillar_pass
Slime:1:  nicolae_slime_jelly_donut, layout_caves
Slime:2:  layout_caves, cheibrodos_slime_lost_civilization_4
Slime:3:  layout_caves
Slime:4:  layout_caves
Slime:5
Orc:1:    layout_diamond_mine, gammafunk_ghost_arena, serial_shops,
          nicolae_shop_crystal
Orc:2:    grunt_orc_community_town_hall, layout_diamond_mine,
          grunt_orc_community_big_house_1, grunt_orc_community_big_house_1,
          grunt_orc_community_house_2, grunt_orc_community_house_1,
          grunt_orc_community_house_2, grunt_orc_community_house_3,
          grunt_orc_community_house_1, basic_altar,
          portal_ice_cave_demonic_guard, ebering_ghost_disaster_area,
          minmay_shop_mayhem, bh_open_orc_temple
Elf:1:    elf_arrival_001, layout_geoelf_octagon, serial_shops, shop,
          hangedman_elf_represent, grunt_megastairs_1, uniq_frances
Elf:2:    nicolae_elf_blades_splatter_lattice
          [nicolae_blade_entry_hurt_lockers], layout_rooms,
          portal_desolation_entry_ruin
Elf:3:    grunt_elf_hall_branching, layout_loops_cross, minivault_27,
          st_stairs_7, nicolae_rare_books
Vaults:1: hangedman_vaults_nails, st_squares, nicolae_vaults_triangles,
          vaults_room_pools, v_misc_15, grunt_vaults_trifunnel, v_alt_pattern_6,
          vaults_room_corners, v_misc_4, nicolae_vaults_angled_halls,
          vaults_room_pools, nicolae_vaults_theta, vaults_room_stairs_pillars,
          layout_vaults_omnibox, uniq_nikola
Vaults:2: hangedman_vaults_pinch, nicolae_vaults_sealed_display, v_misc_17,
          vaults_standard_mumra_x, ontoclasm_vaults_ligature,
          vaults_dpeg_emergency_exit, layout_vaults_omnigrid,
          minmay_crypt_entry_simple_plaza, serial_shops,
          nicolae_shop_behind_doors, uniq_frederick
Vaults:3: vaults_standard_mumra_lines, vaults_dpeg_cross, v_misc_24,
          nicolae_vaults_little_squares_6, vaults_dpeg_ring, v_pattern_4,
          v_misc_30, vaults_room_fours, nicolae_vaults_little_ls,
          vaults_dpeg_diagonal, vaults_dpeg_spiral, nicolae_vaults_rhombus_5,
          layout_vaults_big_room
Vaults:4: v_misc_27, nicolae_vaults_fighting_squares, vaults_mumra_chevron,
          v_misc_8, nicolae_vaults_little_squares_5,
          vaults_room_grunt_arrival_ludios, vaults_dpeg_hooks,
          vaults_room_corners, v_misc_8, layout_vaults_big_cross
Vaults:5
Crypt:1:  layout_rooms
Crypt:2:  layout_gridlike, hex_large, uniq_josephina
Crypt:3:  david_glass_crypt, layout_gridlike, nicolae_tomb_entry_rubble_hallway,
          minivault_24, weyrava_ghost_lake, uniq_boris
Depths:1: layout_long_grid, enter_ziggurat_d, nzn_ghost_randoct,
          nicolae_two_hexagons, lightli_too_deep, minivault_16,
          hangedman_feature_mirror, minmay_st_funbox, nicolae_shop_gadgets,
          serial_bayou_shore_b
Depths:2: lemuel_traditional_vault, layout_gridlike,
          pf_vacation_house_of_asmodeus, grunt_pan_entry_sceptre,
          serial_co_window_serial, co_window_paths_b, co_window_paths_a,
          co_window_paths_a, co_window_paths_a, co_window_paths_a,
          co_window_of_opportunity_a, co_window_corner_a,
          co_window_unsneaky_path_a, co_window_corner_b,
          co_window_unsneaky_path_b, co_window_paths_c,
          co_window_unsneaky_path_a, glass_columns_b, uniq_sojobo
Depths:3: minmay_the_grid_4x2 [minmay_the_grid_paths, minmay_the_grid_empty,
          minmay_the_grid_rooms, minmay_the_grid_minigrid_large,
          minmay_the_grid_holed_spiral, minmay_the_grid_all_tris,
          minmay_the_grid_outer_diamond, minmay_the_grid_prize_shrinking_boxes],
          layout_twisted_cross, minmay_misc_feat_cross, hell_entry, pan_entry,
          minmay_room_of_horrors, nicolae_transporter_intersection, uniq_grunn
Depths:4: grunt_zot_entry_alcove, layout_long_grid, hellmouth_3,
          nicolae_abyss_entry_one_way_or_another, pan_entry
Zot:1:    layout_onion_interference, grunt_megastairs_4
Zot:2:    layout_onion
Zot:3:    layout_twisted_circle, nicolae_shop_clearance
Zot:4:    layout_basic
Zot:5:    layout_cathedral_of_symmetry, st_stairs_1

Skill      XL: |  1  2  3  4  5  6  7  8  9 10 11 12 13 14 15 16 17 18 19 20 21 22 23 24 25 26 27 |
---------------+----------------------------------------------------------------------------------+-----
Spellcasting   | 3 4 5 6 7 8 9 10 11 12 13 14 15 16 17 18 19 20 21 22 23 24 25 | 25.6
Stealth        | 2 |  2.8
Dodging        | 3 4 7 8 9 10 11 12 | 12.0
Fighting       | 2 3 6 7 8 9 10 11 12 13 14 15 16 17 19 22 | 22.4
Shields        | 1 3 6 7 8 9 10 11 12 13 14 15 16 20 | 20.1
Armour         | 4 5 6 7 8 |  8.0
Maces & Flails | 2 3 5 6 7 8 9 10 11 | 11.6
Axes           | 9 |  9.6

Action                     |  1- 3 |  4- 6 |  7- 9 | 10-12 | 13-15 | 16-18 | 19-21 | 22-24 | 25-27 || total
---------------------------+-------+-------+-------+-------+-------+-------+-------+-------+-------++-------
  Melee: Short sword       |       |       |     2 |       |       |       |       |       |       ||     2
         Mace              |       |       |       |     3 |    60 |    23 |    16 |     3 |    41 ||   146
         Headbutt          |       |       |       |     1 |    16 |       |       |       |    13 ||    30
         Bite              |       |       |       |     1 |    10 |       |       |       |     4 ||    15
         Pseudopods        |       |       |       |       |    24 |     9 |     7 |       |       ||    40
         Peck              |       |       |       |       |       |     7 |     2 |       |       ||     9
   Cast: Sandblast         |    60 |    45 |     8 |    30 |    83 |       |       |       |       ||   226
         Stone Arrow       |     1 |    39 |    79 |   179 |   392 |   437 |   112 |       |     5 ||  1244
         Summon Guardian G |       |       |    16 |    23 |    10 |    31 |     3 |     1 |     1 ||    85
         Searing Ray       |       |       |     1 |       |       |       |       |     1 |       ||     2
         Lee's Rapid Decon |       |       |       |       |   302 |   203 |   298 |   155 |   359 ||  1317
         Petrify           |       |       |       |       |    12 |       |     7 |     2 |     2 ||    23
         Simulacrum        |       |       |       |       |    17 |   125 |   168 |   294 |   305 ||   909
         Starburst         |       |       |       |       |       |     1 |     2 |     1 |       ||     4
         Iron Shot         |       |       |       |       |       |       |   299 |   324 |   362 ||   985
         Disjunction       |       |       |       |       |       |       |     3 |     4 |     3 ||    10
         Passwall          |       |       |       |       |       |       |       |     3 |       ||     3
         Summon Hydra      |       |       |       |       |       |       |       |    22 |    77 ||    99
         Summon Horrible T |       |       |       |       |       |       |       |       |    54 ||    54
 Invoke: Slimify           |       |       |       |     2 |     6 |     4 |       |       |       ||    12
         Oozemancy         |       |       |       |       |     4 |     2 |       |       |       ||     6
Ability: Evoke Blink       |       |       |       |       |       |       |       |       |     1 ||     1
  Evoke: Box of beasts     |       |       |       |       |       |       |       |       |     1 ||     1
         Wand              |       |       |       |       |       |       |       |       |     1 ||     1
    Use: Scroll            |       |       |       |     4 |    22 |     2 |     2 |     1 |    15 ||    46
         Potion            |       |       |       |     1 |     1 |       |     1 |       |    10 ||    13
   Stab: Sleeping          |       |       |     1 |       |       |     1 |       |       |       ||     2
         Confused          |       |       |       |       |     5 |     1 |       |       |       ||     6
         Distracted        |       |       |       |       |     1 |       |     1 |       |       ||     2
 Armour: Robe              |     2 |     7 |     3 |       |       |       |       |       |       ||    12
         Troll leather arm |       |       |     2 |    10 |    56 |    43 |    39 |     9 |    48 ||   207
  Dodge: Dodged            |     6 |    32 |    16 |    56 |   278 |   180 |   217 |   101 |   177 ||  1063
         Repelled          |       |       |       |       |       |    16 |    14 |     7 |     5 ||    42
  Block: Other             |       |       |     1 |    10 |       |       |       |       |       ||    11
         Kite shield       |       |       |       |    31 |   228 |    75 |       |       |       ||   334
         Tower shield      |       |       |       |       |       |   195 |   416 |   166 |   251 ||  1028
         Reflection        |       |       |       |       |       |    61 |    91 |    32 |       ||   184

Table legend: (Time is in decaauts)
 A = Elapsed time spent in this place.
 B = Non-inter-level travel time spent in this place.
 C = Inter-level travel time spent in this place.
 D = Time resting spent in this place.
 E = Time spent auto-exploring this place.
 F = Levels seen in this place.
 G = Mean time per level.
                   A        B        C        D        E       F      G
               +--------+--------+--------+--------+--------+-----+--------+
         Total |  56499 |  45764 |  10735 |   1087 |  28145 |  59 |  957.6 |
       Dungeon |  16413 |  11920 |   4493 |    163 |   8482 |  15 | 1094.2 |
        Temple |    129 |    114 |     15 |      0 |    101 |   1 |  129.0 |
          Lair |   6007 |   4744 |   1263 |     98 |   3146 |   5 | 1201.4 |
        Shoals |   3253 |   2930 |    323 |      4 |   1919 |   4 |  813.2 |
     Snake Pit |   4391 |   3902 |    489 |    155 |   2433 |   4 | 1097.8 |
    Slime Pits |    471 |    376 |     95 |      0 |    300 |   5 |   94.2 |
  Orcish Mines |   2134 |   1487 |    647 |      0 |    848 |   2 | 1067.0 |
   Elven Halls |   2914 |   2397 |    517 |    171 |    917 |   3 |  971.3 |
        Vaults |   6498 |   5464 |   1034 |     57 |   3032 |   5 | 1299.6 |
         Crypt |   2323 |   2149 |    174 |     53 |   1311 |   3 |  774.3 |
        Depths |   5387 |   4322 |   1065 |    108 |   2572 |   4 | 1346.8 |
           Zot |   4756 |   4139 |    617 |    142 |   2557 |   5 |  951.2 |
         Sewer |    146 |    146 |      0 |      0 |      0 |   1 |  146.0 |
      Ice Cave |    557 |    557 |      0 |      0 |    156 |   1 |  557.0 |
    Desolation |   1114 |   1114 |      0 |    135 |    371 |   1 | 1114.0 |
               +--------+--------+--------+--------+--------+-----+--------+

Top non-repeatable levels by time:
  Lair:5: 1613 daAuts
Depths:2: 1611 daAuts
Vaults:2: 1598 daAuts
     D:7: 1470 daAuts
Depths:1: 1469 daAuts
     D:9: 1415 daAuts
    D:15: 1355 daAuts
   Orc:2: 1349 daAuts
Vaults:1: 1348 daAuts
Depths:3: 1345 daAuts
   Elf:1: 1330 daAuts
Vaults:5: 1330 daAuts
   Zot:1: 1299 daAuts
    D:11: 1288 daAuts
     D:5: 1246 daAuts
